AoeStats
← Michi3052

Arabia

504823211Analyzed
1v1 RM · 27d ago on Sep 6, 2026· 47m 0s· 2 players
Game mode
Random Map
Map size
Tiny (2 player)
Population
200
Speed
Normal
Resources
Standard
Victory
Conquest
Starting age
Dark Age
Ending age
Imperial Age
RankedLock teamsTeams togetherTeam positionsShared explorationLock speedFull tech treeHidden civsTurbo modeCheats
Victory
Defeat
🇬🇧 Britons · United Kingdom
653
+17
🇪🇸 Teutons · Spain
673
-17
Gateshead MetroCentre
7:52 Loom
9:59 Feudal Age
12:35 Double-Bit Axe
14:29 Wheelbarrow
14:25 Fletching
17:26 Padded Archer Armor
25:23 Castle Age
23:27 Gold Mining
25:20 Forging
26:24 Bow Saw
25:38 Crossbowman
26:01 Pikeman
27:38 Ballistics
29:09 Gold Shaft Mining
28:41 Bodkin Arrow
32:16 Arson
33:19 Horse Collar
36:14 Gambesons
39:36 Imperial Age
39:19 Hand Cart
39:22 Stone Mining
39:53 Leather Archer Armor
40:58 Arbalester
45:27 Chemistry
Michi3052
8:38 Loom
11:36 Feudal Age
12:35 Double-Bit Axe
18:35 Castle Age
18:03 Bloodlines
20:59 Wheelbarrow
22:01 Horse Collar
25:07 Gold Mining
25:26 Scale Barding Armor
27:56 Forging
32:13 Hand Cart
32:14 Heavy Plow
33:29 Man-at-Arms
33:55 Gambesons
36:11 Squires
35:57 Arson
36:41 Masonry
36:53 Stone Mining
36:53 Town Watch
38:31 Stone Shaft Mining
37:21 Long Swordsman
39:06 Iron Casting
38:32 Scale Mail Armor
38:53 Chain Barding Armor
41:35 Ironclad
43:49 Imperial Age
43:17 Chain Mail Armor
43:56 Two-Handed Swordsman
45:07 Conscription
44:44 Champion
Connection lost

Rejoining the realm…

Still unreachable

The connection could not be restored.

Session expired

The server has moved on; the page needs a fresh start.